 Dungeon Crawl Stone Soup version 0.23-a0-141-g456867d (webtiles) character file.

7324 torrenera the Cleaver (level 11, -5/114 HPs)
             Began as a Hill Orc Fighter on Aug 31, 2018.
             Was a Believer of Okawaru.
             Slain by Joseph
             ... wielding a +0 quarterstaff
              (17 damage)
             ... on level 10 of the Dungeon.
             The game lasted 00:21:23 (10768 turns).

torrenera the Cleaver (Hill Orc Fighter)           Turns: 10768, Time: 00:21:24

Health: -5/114     AC: 17    Str: 30    XL:     11   Next: 13%
Magic:  11/11      EV:  8    Int:  8    God:    Okawaru [**....]
Gold:   555        SH:  0    Dex: 10    Spells: 10/10 levels left

rFire    . . .     SeeInvis .   e - +0 battleaxe (freeze)
rCold    . . .     Gourm    .   (shield currently unavailable)
rNeg     . . .     Faith    .   B - +0 plate armour
rPois    +         Spirit   .   u - +0 helmet
rElec    .         Reflect  .   I - +0 cloak
rCorr    .         Harm     .   (no gloves)
MR       .....                  (no boots)
Stlth    ..........             (no amulet)
HPRegen  0.29/turn              p - +4 ring of strength
MPRegen  0.12/turn              x - ring of stealth

@: mighty, berserk cooldown, slowed, very slow
A: poison resistance, robust 1, weak 1
a: Heroism, Renounce Religion


You were on level 10 of the Dungeon.
You worshipped Okawaru.
Okawaru was pleased with you.
You were hungry.

You visited 2 branches of the dungeon, and saw 11 of its levels.
You also visited: Sewer and Ossuary.

You collected 555 gold pieces.

Inventory:

Hand Weapons
 e - a +0 battleaxe of freezing (weapon)
 C - a +3 battleaxe
Missiles
 o - 47 poisoned needles
 v - 13 tomahawks (quivered)
Armour
 u - a +0 helmet (worn)
 z - the +4 scale mail of the Kraken {-Tele rElec rN+ Int+6}
   (You found it on level 5 of the Dungeon)

   It affects your intelligence (+6).
   It insulates you from electricity.
   It protects you from negative energy.
   It prevents most forms of teleportation.
 B - a +0 plate armour (worn)
 I - a +0 cloak (worn)
Jewellery
 i - an uncursed ring of fire
 p - a +4 ring of strength (left hand)
 t - an uncursed amulet of faith
 x - a ring of stealth (right hand)
 D - an uncursed amulet of the gourmand {unknown}
 G - an uncursed ring of stealth
Wands
 r - a wand of iceblast (7)
 s - a wand of digging (9)
 H - a wand of polymorph (9)
 Q - a wand of random effects (24)
 R - a wand of flame (18)
 S - a wand of acid (7)
Scrolls
 b - 4 scrolls of amnesia {unknown}
 d - 6 scrolls of remove curse {unknown}
 h - 8 scrolls of identify
 j - 3 scrolls of fear {unknown}
 l - 5 scrolls of enchant weapon {unknown}
 m - 3 scrolls of blinking {unknown}
 n - 3 scrolls of fog {unknown}
 w - 3 scrolls of teleportation {unknown}
 y - 3 scrolls of magic mapping {unknown}
 J - 2 scrolls of noise {unknown}
 L - 4 scrolls of random uselessness {unknown}
 M - a scroll of immolation {unknown}
Potions
 c - 2 potions of cancellation {unknown}
 g - 5 potions of degeneration
 k - a potion of invisibility {unknown}
 q - 2 potions of flight
 A - a potion of agility {unknown}
 E - a potion of might
 F - a potion of brilliance {unknown}
 K - a potion of curing
 N - 2 potions of berserk rage
 O - 2 potions of lignification {unknown}
 P - 4 potions of mutation
Comestibles
 f - 14 rations


   Skills:
 - Level 11.9 Fighting
 - Level 14.1 Axes
 + Level 9.5 Armour
   Level 3.2 Shields


You had 10 spell levels left.
You didn't know any spells.
Your spell library contained the following spells:

 Spells                   Type           Power        Failure   Level  Hunger
 Animate Skeleton         Necr           N/A          97%         1    ##.....
 Apportation              Tloc           #.....       97%         1    ##.....
 Confusing Touch          Hex            #.....       97%         1    ##.....
 Summon Small Mammal      Summ           #...         97%         1    ##.....


Dungeon Overview and Level Annotations

Branches:
Dungeon (10/15)            Temple (1/1) D:5
   Lair: D:8-11         Orc: D:9-12

Altars:
Ashenzari
Cheibriados
Dithmenos
Elyvilon
Fedhas
Gozag
Hepliaklqana
Kikubaaqudgha
Makhleb
Nemelex Xobeh
Okawaru
Qazlal
Ru
Sif Muna
Trog
Uskayaw
Vehumet
Wu Jian
Xom
Yredelemnul
Zin
The Shining One

Annotations:
D:3 2 transporters
D:10 Joseph


Innate Abilities, Weirdness & Mutations

Your system is resistant to poisons. (rPois)
You are robust. (+10% HP)
You are weak. (Str -2)


Message History

Joseph hits you but does no damage.
You feel a strong urge to attack something.
The orc wizard gestures at you while chanting.
The magic dart hits you!
* * * LOW HITPOINT WARNING * * *
You feel your anger nearly subside.
You are no longer berserk.
You are exhausted.
You feel yourself slow down.
You feel very mighty all of a sudden. Joseph closely misses you.
Joseph hits you with a quarterstaff!
* * * LOW HITPOINT WARNING * * *
You feel better. Joseph hits you but does no damage. Joseph barely misses you.
The orc wizard mumbles some strange words.
The orc wizard seems to speed up.
Joseph hits you with a quarterstaff!!
* * * LOW HITPOINT WARNING * * *
Joseph hits you but does no damage.
You feel better. Joseph closely misses you.
Joseph hits you with a quarterstaff!
You die...

############
#..........#
...........##########
...........o@@......#
........%..########.#
......(....#
####.(.#### #.#)# #
#.### #<..#
......o.(......
###.#...#######


You could see Joseph (berserk) and an orc wizard.

Vanquished Creatures
  Harold (D:7)
  2 two-headed ogres (D:9)
  Grinder (D:5)
  Sigmund (D:2)
  A spriggan (D:7)
  A hungry ghost (D:9)
  2 humans (D:7)
  Menkaure (D:6)
  Duvessa (D:6)
  2 orc warriors
  4 sky beasts
  3 phantoms
  2 ice beasts
  3 ogres
  2 centaurs
  8 bullfrogs
  A big kobold (Sewer)
  Blork the orc (D:5)
  Dowan (D:6)
  3 scorpions
  A water moccasin skeleton (D:2)
  3 killer bees (D:4)
  5 wights (D:6)
  A crimson imp (D:9)
  2 bullfrog zombies
  4 hounds
  A human zombie (Ossuary)
  2 bullfrog skeletons
  A centaur zombie (Ossuary)
  2 jellies
  6 orc wizards
  A centaur skeleton (D:4)
  2 iguanas
  9 orc priests
  A gnoll shaman (D:7)
  Ijyb (D:5)
  4 worker ants
  4 mummies (Ossuary)
  A worker ant zombie (D:9)
  15 gnolls
  5 river rats
  9 adders
  3 shadow imps
  4 adder skeletons
  5 worms
  A dart slug (D:1)
  4 leopard geckos
  32 orcs
  6 bats
  8 giant cockroaches
  A gnoll zombie (Ossuary)
  4 goblins
  5 hobgoblins
  26 jackals
  13 kobolds
  10 quokkas
  5 frilled lizards
  2 goblin zombies (Ossuary)
  A hobgoblin zombie (Ossuary)
  A jackal skeleton (D:4)
  2 kobold zombies (Ossuary)
  A quokka zombie (D:6)
  11 rats
  2 rat zombies (D:8)
  3 plants (D:3)
271 creatures vanquished.

Vanquished Creatures (others)
  2 bullfrogs (D:6)
  2 worker ants (D:6)
  2 orcs (D:6)
  A jackal (D:6)
  A leopard gecko skeleton (D:6)
8 creatures vanquished.

Grand Total: 279 creatures vanquished

Notes
Turn   | Place    | Note
-------+----------+-------------------------------------------
     0 | D:1      | torrenera the Hill Orc Fighter began the quest for the Orb.
     0 | D:1      | Reached XP level 1. HP: 19/19 MP: 1/1
    40 | D:1      | Reached skill level 3 in Axes
   249 | D:1      | Reached XP level 2. HP: 26/26 MP: 2/2
   590 | D:1      | Reached skill level 4 in Axes
   726 | D:2      | Noticed Sigmund
   739 | D:2      | Killed Sigmund
   739 | D:2      | Reached skill level 7 in Axes
   739 | D:2      | Reached XP level 3. HP: 13/31 MP: 3/3
   739 | D:2      | Reached XP level 4. HP: 16/39 MP: 4/4
   739 | D:2      | Reached XP level 5. HP: 19/45 MP: 5/5
  1261 | D:2      | Reached skill level 8 in Axes
  1261 | D:2      | Reached XP level 6. HP: 43/51 MP: 6/6
  1679 | D:3      | Found a transporter.
  1919 | D:3      | Found a glowing drain.
  1927 | Sewer    | Entered a sewer
  1942 | Sewer    | Reached skill level 9 in Axes
  2083 | Sewer    | Found a white marble altar of Elyvilon.
  2176 | D:3      | Reached XP level 7. HP: 54/57 MP: 7/7
  2355 | D:3      | Found a transporter.
  2490 | D:3      | Reached skill level 10 in Axes
  3444 | D:4      | Reached skill level 11 in Axes
  3497 | D:4      | Reached XP level 8. HP: 7/64 MP: 8/8
  3498 | D:4      | HP: 3/64 [leopard gecko (3)]
  3502 | D:4      | Gained mutation: You are weak. (Str -2) [potion of
                  | mutation]
  3502 | D:4      | Gained mutation: You are robust. (+10% HP) [potion of
                  | mutation]
  3502 | D:4      | Gained mutation: Your system is resistant to poisons.
                  | (rPois) [potion of mutation]
  4230 | D:4      | Reached skill level 12 in Axes
  4622 | D:5      | Entered Level 5 of the Dungeon
  4769 | D:5      | Noticed Ijyb
  4787 | D:5      | Killed Ijyb
  4926 | D:5      | Noticed Grinder
  4927 | D:5      | Paralysed by Grinder for 5 turns
  4965 | D:5      | Got a bloodstained scale mail
  4976 | D:5      | Killed Grinder
  4976 | D:5      | Reached skill level 13 in Axes
  5480 | D:5      | Identified the +4 scale mail of the Kraken {-Tele rElec rN+
                  | Int+6} (You found it on level 5 of the Dungeon)
  5630 | D:5      | Found a staircase to the Ecumenical Temple.
  5851 | D:5      | Noticed Blork the orc
  5860 | D:5      | Killed Blork the orc
  5908 | Temple   | Entered the Ecumenical Temple
  6222 | D:6      | Reached skill level 14 in Axes
  6222 | D:6      | Reached XP level 9. HP: 72/77 MP: 9/9
  6325 | D:6      | Reached skill level 5 in Fighting
  6462 | D:6      | Found a shadowy altar of Dithmenos.
  7406 | D:6      | Found a blossoming altar of Fedhas.
  7416 | D:6      | Noticed Duvessa
  7416 | D:6      | Noticed Dowan
  7432 | D:6      | Killed Duvessa
  7434 | D:6      | Killed Dowan
  7549 | D:6      | Found a shimmering altar of Xom.
  7621 | D:6      | Noticed Menkaure
  7627 | D:6      | Killed Menkaure
  7995 | D:6      | Found a sparkling altar of Nemelex Xobeh.
  8163 | D:7      | Noticed Harold
  8177 | D:7      | Killed Harold
  8177 | D:7      | Reached skill level 10 in Fighting
  8233 | D:7      | Reached XP level 10. HP: 77/102 MP: 10/10
  8518 | D:7      | Found an iron altar of Okawaru.
  8665 | D:7      | Became a worshipper of Warmaster Okawaru
  8944 | D:8      | Found a sand-covered staircase.
  8966 | Ossuary  | Entered an ossuary
  9691 | D:8      | Reached * piety under Okawaru
  9691 | D:8      | Reached skill level 5 in Armour
  9928 | D:9      | Noticed a two-headed ogre
  9934 | D:9      | Killed a two-headed ogre
  9934 | D:9      | Reached ** piety under Okawaru
 10095 | D:9      | Noticed a two-headed ogre
 10107 | D:9      | Killed a two-headed ogre
 10107 | D:9      | Reached XP level 11. HP: 69/114 MP: 11/11
 10676 | D:10     | Entered Level 10 of the Dungeon
 10678 | D:10     | Noticed a two-headed ogre
 10746 | D:10     | Noticed Joseph
 10766 | D:10     | HP: 2/114 [Joseph/quarterstaff (20)]
 10768 | D:10     | Slain by Joseph

Vault maps used:
D:1:      eino_arrival_druids_welcome
D:2:      uniq_sigmund
D:3:      gammafunk_wand_slinger, gup_sewer_entry_bubbles,
          lexackson_kobold_supper
D:4:      first_ration
D:5:      minmay_temple_entry_enclosed_plants, uniq_ijyb, uniq_blork_the_orc,
          uniq_grinder
D:6:      nicolae_dithmenos_the_darkroom, nicolae_overflow_crystal_walls,
          nemelex_xobeh_ov_fountains_minmay, st_stairs_5, xom_confusion_cloud,
          uniq_duvessa, uniq_menkaure
D:7:      okawaru_humans, the_bakery, mrwooster_statue_mirror, uniq_harold
D:8:      enter_ossuary_4
D:10:     erik_lair_island, minmay_orc_entry_temple_small, fedhas_altar_3,
          uniq_snorg, uniq_nergalle, uniq_joseph, uniq_psyche
Temple:   eino_narrow_crystal_temple
Sewer:    sewer_kobolds
Ossuary:  ossuary_crypta

Skill      XL: |  1  2  3  4  5  6  7  8  9 10 11 |
---------------+----------------------------------+-----
Axes           | 3 7 8 9 11 14 | 14.1
Fighting       | 10 11 | 11.9
Armour         | 8 9 |  9.5
Shields        | |  3.2

Action                   |  1- 3 |  4- 6 |  7- 9 | 10-12 || total
-------------------------+-------+-------+-------+-------++-------
Melee: War axe           |    64 |   172 |   387 |       ||   623
       Battleaxe         |       |       |   117 |   236 ||   353
Throw: Tomahawk          |       |       |    26 |    15 ||    41
  Use: Potion            |     1 |       |    12 |     4 ||    17
       Scroll            |       |       |     2 |       ||     2
  Eat: Chunk             |       |     5 |    16 |     9 ||    30
       Ration            |       |       |     1 |       ||     1
Armor: Scale mail        |    16 |       |       |       ||    16
       Chain mail        |    26 |    77 |   180 |       ||   283
       Plate armour      |       |       |    31 |   152 ||   183
Dodge: Dodged            |    15 |    31 |   108 |    62 ||   216
Block: Shield            |    41 |    72 |   153 |       ||   266

Table legend:
 A = Non-vault XP
 B = Vault XP
 C = Vault XP percentage of total XP
 D = Non-vault monster count
 E = Vault monster count
 F = Vault count percentage of total count
                 A         B        C        D         E       F
            +---------+---------+-------+---------+---------+-------
      Total |    7470 |    2994 |  28.6 |     215 |      53 |  19.8
            +---------+---------+-------+---------+---------+-------
        D:1 |      18 |       0 |   0.0 |      10 |       0 |   0.0
        D:2 |     162 |     238 |  59.5 |      27 |       1 |   3.6
        D:3 |     252 |      57 |  18.4 |      30 |      16 |  34.8
        D:4 |     653 |       0 |   0.0 |      21 |       0 |   0.0
        D:5 |     522 |     394 |  43.0 |      23 |       4 |  14.8
        D:6 |     749 |     401 |  34.9 |      25 |       5 |  16.7
        D:7 |     790 |    1590 |  66.8 |      27 |       4 |  12.9
        D:8 |     905 |       2 |   0.2 |      19 |       2 |   9.5
        D:9 |    3407 |       0 |   0.0 |      29 |       0 |   0.0
       D:10 |      12 |       0 |   0.0 |       4 |       0 |   0.0
      Sewer |       0 |     143 | 100.0 |       0 |       9 | 100.0
    Ossuary |       0 |     169 | 100.0 |       0 |      12 | 100.0
            +---------+---------+-------+---------+---------+-------
